Map: Ice and Chrome LE

Players

prospeKt - Winner!

  • Race: Zerg Zerg
  • League: Platinum
  • Spawn Location: 1:00

VOD

Have the link to the VOD?

Description

Time

  • Played on: June 23, 2020, 8:34 a.m.
  • Length: 17:31
Show
View Real Time Build Order
Export as new Build Order

prospeKt Zerg - Winner!

Build Orders:  

Get SALT Encoding   

  12  0:01  Drone  
  13  0:18  Overlord  
  13  0:27  Drone  
  14  0:45  Drone x2  
  14  0:48  Drone  
  17  1:16  Hatchery  
  17  1:19  Drone  
  17  1:25  Drone  
  18  1:45  Spawning Pool  
  18  1:49  Drone  
  18  1:53  Drone  
  19  2:03  Drone  
  19  2:07  Extractor  
  19  2:22  Drone  
  20  2:34  Overlord  
  20  2:51  Drone  
  20  2:57  Queen x2  
  20  2:59  Zergling x2  
  26  3:04  Zergling x2  
  27  3:12  Drone  
  27  3:19  Overlord  
  28  3:28  Drone  
  29  3:38  Drone  
  30  3:53  Drone x2  
  30  3:55  Queen  
  30  3:57  Overlord  
  34  4:05  Drone  
  34  4:09  Lair  
  35  4:14  Drone  
  36  4:23  Drone  
  37  4:32  Drone  
  37  4:36  Drone  
  37  4:37  Drone x3  
  37  4:38  Drone  
  43  4:40  Overlord  
  43  4:45  Drone  
  43  4:49  Extractor  
  43  4:50  Extractor  
  42  5:02  Drone  
  42  5:03  Roach Warren, Drone x2  
  44  5:13  Drone  
  44  5:15  Evolution Chamber  
  44  5:19  Drone  
  45  5:20  Drone x5  
  50  5:33  Drone x2  
  52  5:49  Drone  
  36  5:50  Drone  
  53  5:58  Hatchery, Roach  
  55  6:05  Roach  
  55  6:07  Overlord  
  57  6:18  Roach  
  59  6:20  Drone  
  60  6:36  Roach x4  
  60  6:39  Overlord  
  68  6:42  Overlord  
  68  7:07  Roach x2  
  72  7:11  Drone x5  
  72  7:12  Drone  
  72  7:13  Hatchery, Drone x2  
  79  7:22  Drone  
  80  7:34  Overlord x2  
  80  7:40  Extractor  
  80  7:44  Queen  
  80  7:47  Extractor  
  80  7:55  Drone x4  
  84  8:06  Drone x2  
  86  8:13  Drone x2  
  86  8:19  Drone  
  89  8:21  Drone x3  
  92  8:39  Drone x3  
  53  8:40  Drone x3  
  98  8:53  Overlord x2  
  98  8:56  Drone x2  
  100  9:08  Drone x6  
  100  9:09  Drone  
  107  9:11  Overlord x2  
  107  9:15  Extractor x2  
  105  9:21  Hydralisk Den  
  105  9:22  Evolution Chamber, Drone  
  105  9:23  Drone x2, Extractor  
  105  9:26  Drone  
  105  9:27  Drone x2  
  108  9:41  Drone  
  108  9:42  Drone x6  
  115  9:58  Zerg Missile Weapons Level 1, Glial Reconstitution  
  115  10:02  Hydralisk x4  
  115  10:03  Hydralisk x3  
  115  10:07  Zerg Ground Armor Level 1  
  129  10:13  Drone  
  129  10:15  Hydralisk  
  129  10:16  Hydralisk x4  
  140  10:33  Spine Crawler  
  140  10:34  Spine Crawler  
  140  10:35  Spine Crawler  
  140  10:36  Spine Crawler, Hydralisk  
  140  10:37  Spine Crawler, Hydralisk x3  
  140  10:38  Overlord x6  
  143  11:07  Hydralisk x11  
  165  11:14  Overseer  
  165  11:21  Hydralisk x3  
  165  11:23  Hydralisk  
  165  11:24  Hydralisk  
  175  11:37  Hydralisk x4  
  175  11:38  Hydralisk x3  
  189  11:40  Hydralisk  
  189  11:44  Overlord  
  189  11:45  Overlord, Unknown  
  191  12:13  Hydralisk x4  
  191  12:15  Drone  
  200  12:30  Infestation Pit  
  200  12:32  Hatchery  
  200  12:34  Lurker Den  
  197  12:40  Zerg Missile Weapons Level 2, Spire  
  196  13:03  Drone x2  
  196  13:04  Drone x2  
  200  13:13  Zerg Ground Armor Level 2  
  200  13:25  Unknown  
  200  13:29  Hydralisk  
  188  13:30  Hydralisk x6  
  179  13:40  Hydralisk x10  
  197  14:02  Drone x2  
  199  14:13  Hatchery  
  199  14:17  Drone  
  199  14:25  Hive  
  199  14:26  Hatchery  
  198  14:37  Hatchery x2  
  196  15:13  Drone  
  196  15:14  Hydralisk  
  177  16:04  Hydralisk x13  
  177  16:05  Hydralisk x3  
  199  16:24  Drone  
  200  16:47  Extractor  
  200  16:48  Extractor  
Tags
 
Add a new tag
Caveats
  • Supply blocks, unpowered buildings, or Contaminate may cause inaccurate times.
  • Supply counts are checked every 10 seconds.